Zazza, neutral female human Tourist ------- #......| ------------ --------------- ###|.....+ + +....{.....| |.............| # |.....| # |.@:......?| |.............-### |......########### #-..r.......| |.............| |...(.| # # ###|..........| |.{............## |.....-## ## ###### # -------- --- |............>| ------- # -|------#### --------------- ### |......|## # |.......`# ### |.[...<|# # |......| |......-#### |......| # ---+---- -------- ###|......| #-`.....| -------- Zazza the Sightseer Experience level: 5 Strength: 10 Dexterity: 11 Constitution: 14 Intelligence: 14 Wisdom: 9 Charisma: 18 Health: 0(36) Energy: 17(17) Def: 3 Gold: 27 Moves: 3172 Dungeon seed: YWQ0nKW8AhNw1W0N Game ID: Zazza_1598978585 Your Inventory: Coins $ - 27 gold pieces Amulets W - an uncursed amulet of unchanging Weapons a - 14 +2 darts v - a +0 orcish dagger (weapon in hand) M - 6 cursed +0 darts Armor e - an uncursed +0 Hawaiian shirt (being worn) r - an uncursed +0 orcish helm s - an uncursed +0 helmet (being worn) N - an uncursed +0 shield of reflection (being worn) Comestibles b - 8 uncursed food rations f - 2 uncursed tripe rations z - an uncursed lichen corpse O - an uncursed food ration T - 2 uncursed lembas wafers Scrolls j - a blessed scroll of magic mapping p - an uncursed scroll of blank paper P - a cursed scroll of identify Z - a blessed scroll of identify Spellbooks t - an uncursed spellbook of healing Potions c - an uncursed potion of monster detection g - an uncursed potion of extra healing h - an uncursed potion of extra healing w - an uncursed potion of enlightenment Wands o - a wand of magic missile (0:0) A - a wand of cold (0:0) Tools l - an uncursed credit card Gems n - 2 uncursed worthless pieces of red glass q - an uncursed worthless piece of yellowish brown glass y - an uncursed worthless piece of violet glass Spells and supernatural/magical abilities: Name Level Category Fail Memory h - healing 1 healing 100% 87% W - pray for help -- divine ? -- Your skills at the end: Fighting Skills Weapon Skills dart [Basic] Spellcasting Skills Final Attributes: You were piously aligned. You were telepathic. You had reflection. You were lucky. You are dead. Vanquished creatures: The Oracle an Uruk-hai a rock mole a pony a fog cloud a shrieker a guardian naga hatchling 2 baby crocodiles 2 giant ants 2 floating eyes a kitten a kobold shaman 2 rothes an orc zombie 2 dwarf zombies 2 coyotes 2 gas spores a hobbit 2 cave spiders 2 yellow molds 6 geckos 3 jackals 4 foxes 3 goblins 2 sewer rats 3 grid bugs 2 lichens 2 newts 54 creatures vanquished. Voluntary challenges: You used a wielded weapon 13 times, starting on turn 3084. You read items or engraved 22 times, starting on turn 171. You never genocided any monsters. You never polymorphed an object. You never changed form. You used no wishes. You never split a pudding. You wrote Elbereth's name 10 times, starting on turn 171. You never violated your personal moral code. Dungeon overview: The Dungeons of Doom: levels 1 to 8 Level 1 some fountains a long staircase Level 2 an armor shop a long staircase Level 3 <- You were here some fountains Level 4 a general store, a fountain Level 5 a general store, a fountain, a sink Level 6 a weapon shop, some fountains Level 7 some fountains Level 8 a general store History has recorded: On T:1 you entered the Dungeons of Doom to retrieve the Amulet of Yendor! On T:154 you reached level 2 of The Dungeons of Doom. On T:506 you reached level 3 of The Dungeons of Doom. On T:642 you reached level 4 of The Dungeons of Doom. On T:692 you reached level 5 of The Dungeons of Doom. On T:698 you advanced to experience level 2. On T:969 you advanced to experience level 3. On T:1076 you reached level 6 of The Dungeons of Doom. On T:1443 you reached level 7 of The Dungeons of Doom. On T:1827 you advanced to experience level 4. On T:1931 you reached level 8 of The Dungeons of Doom. On T:2878 you advanced to experience level 5. Score breakdown: Gold: 0 ( 0 points) Experience: 5 levels (11141 points) Exploration: 8 levels ( 15.69%) (11224 points) Discoveries: 14 items ( 4.70%) ( 6502 points) Valuables value: (no points given unless you survive) Artifact value: 0 ( 0 points) Variety of kills: 28 monsters ( 7.35%) ( 8132 points) Turncount: 3172 turns ( -682 points) Survival: died (score multiplied by 80%) Total score: 29053 Latest messages: The door opens. The iguana bites! You miss the iguana. (2x) The iguana misses. You hit the iguana. You miss the iguana. The iguana bites! You miss the iguana. The rock mole bites! You hit the iguana. The iguana bites! You hit the iguana. You miss the iguana. The iguana bites! You hit the iguana. The rock mole bites! You miss the iguana. The iguana bites! You miss the iguana. (2x) The iguana misses. You hit the iguana. The rock mole bites! You miss the iguana. The iguana bites! You die... Final status: Aloha Zazza the Tourist, killed by an iguana... You died in The Dungeons of Doom on dungeon level 3 with 29053 points, and 27 pieces of gold, after 3172 moves. You were level 5 with a maximum of 36 hit points when you died.